 Dungeon Crawl Stone Soup version 0.30-a0-913-g9934a0c (webtiles) character file.

Game seed: 1623888320479234827

88 Dorkslayer the Covered (level 4, -1/29 HPs)
             Began as a Gargoyle Fighter on Mar 19, 2023.
             Killed by divine providence
             ... invoked by an orc priest
              (15 damage)
             ... on level 3 of the Dungeon.
             The game lasted 00:03:29 (1425 turns).

Dorkslayer the Covered (Gargoyle Fighter)           Turns: 1425, Time: 00:03:31

Health: -1/29      AC: 10    Str: 22    XL:     4   Next: 53%
Magic:  4/4        EV:  9    Int:  8    God:
Gold:   76         SH:  4    Dex:  9    Spells: 3/3 levels left

rFire   . . .      SeeInvis .    a - +0 war axe
rCold   . . .      Faith    .    c - +0 buckler
rNeg    + + .      Spirit   .    b - +0 scale mail
rPois   ∞          Reflect  .    (no helmet)
rElec   +          Rampage  .    (no cloak)
rCorr   .                        (no gloves)
Will    .....                    (no boots) Stlth
                                 (no amulet)
HPRegen 0.24/turn                e - ring of positive energy
MPRegen 0.09/turn                f - ring of flight

@: flying
A: sickness immunity, AC +3, negative energy resistance 1, electricity
resistance, torment resistance 1, petrification resistance
a: no special abilities


You were on level 3 of the Dungeon.
You visited 1 branch of the dungeon, and saw 3 of its levels.

You collected 76 gold pieces.

Inventory:

Hand Weapons
 a - a +0 war axe (weapon)
Armour
 b - a +0 scale mail (worn)
 c - a +0 buckler (worn)
Jewellery
 e - a ring of positive energy (left hand)
 f - a ring of flight (right hand)
Scrolls
 i - a scroll of enchant armour {unknown}
 j - a scroll of teleportation {unknown}
Potions
 d - 2 potions of might
 g - 2 potions of haste
 h - 2 potions of heal wounds
 k - a potion of curing {unknown}


   Skills:
 + Level 3.7 Fighting
 + Level 2.3 Axes
 + Level 3.8 Armour
 * Level 1.6 Dodging
 + Level 3.7 Shields


You had 3 spell levels left.
You didn't know any spells.
Your spell library contained the following spells:

 Spells                   Type           Power      Damage    Failure   Level
 Tukima's Dance           Hex            0%         N/A       99%         3
 Passage of Golubria      Tloc           0%         N/A       100%        4
 Yara's Violent Unravell  Hex/Tmut       0%         3d3       100%        5


Dungeon Overview and Level Annotations

Branches:
Dungeon (3/15)

Altars:
Fedhas


Innate Abilities, Weirdness & Mutations

You are immune to sickness and miasma.
Your stone body is resilient. (AC +3)
You are immune to poison.
You resist negative energy. (rN+)
You are resistant to electric shocks. (rElec)
You are resistant to unholy torment.
You are immune to petrification.


Message History

You hit the orc priest.
The orc priest is lightly wounded.
The orc priest closely misses you.
You completely miss the orc priest.
The orc priest is lightly wounded.
The orc priest hits you but does no damage.
You closely miss the orc priest.
The orc priest is lightly wounded.
The orc priest hits you with a +0 dagger.
You hit the orc.
The orc is severely wounded.
The orc barely misses you.
You closely miss the orc.
The orc is severely wounded.
The orc hits you but does no damage. The orc barely misses you.
You barely miss the orc.
The orc is severely wounded.
The orc priest calls upon Beogh to heal the orc.
The orc is healed somewhat.
The orc completely misses you.
You completely miss the orc.
The orc is lightly wounded.
The orc hits you but does no damage. The orc hits you with a +0 hand axe.
You closely miss the orc.
The orc is lightly wounded.
The orc priest calls down the wrath of Beogh upon you.
Beogh smites you! The orc hits you but does no damage.
You slash the orc!
You kill the orc!
The orc priest invokes the aid of Beogh against you.
You barely resist.
The orc priest hits you but does no damage.
Things that are here:
a +0 hand axe; 3 boomerangs of dispersal; an orc corpse You slash the orc priest!
The orc priest is almost dead.
The orc priest barely misses you.
The orc priest mumbles some strange prayers to Beogh against you.
Beogh smites you!
Ouch! That really hurt!
You die...

.........#
#.#
.......#.#
#.#
#.....##.#
#.#
##...###<#
#.# .##.##
#.# #.#####
..#.# #.#
#.....#
....#
*#.#*#####.#
....##*,,,*
#.#
.....#*,*,*
#@#
....##*,,,*
#o#
.....[#**,*
#o#
..#.....#,*
#.#
....###.#,*
#.# .##.#
*,..* #.#
.##.#**,*#*
#.#
.##..,,,*
#.#
,,***,***
*,*


You could see an orc priest and an orc.

Vanquished Creatures
  2 adders (D:2)
  2 worms
  2 dart slugs (D:2)
  2 orcs (D:3)
  6 bats
  7 endoplasms
  3 giant cockroaches (D:1)
  6 goblins
  6 hobgoblins
  2 quokkas (D:1)
  6 ball pythons
  5 frilled lizards (D:1)
  2 kobolds (D:1)
  5 rats
56 creatures vanquished.

Notes
Turn   | Place    | Note
-------+----------+-------------------------------------------
     0 | D:1      | Dorkslayer the Gargoyle Fighter began the quest for the
                  | Orb.
     0 | D:1      | Reached XP level 1. HP: 14/14 MP: 1/1
   141 | D:1      | Reached XP level 2. HP: 19/19 MP: 2/2
   314 | D:1      | Found a faded altar of an unknown god.
   388 | D:1      | Reached skill level 1 in Dodging
   388 | D:1      | Reached XP level 3. HP: 19/23 MP: 3/3
   881 | D:2      | Reached XP level 4. HP: 26/29 MP: 4/4
  1233 | D:3      | Found a blossoming altar of Fedhas.
  1425 | D:3      | Killed from afar by an orc priest

Illustrated notes

Levels and vault maps discovered:
D:1:      spicycebolla_green_bress_n_ham_2, layout_loops_ring,
          basic_ecumenical_altar
D:2:      layout_rooms, minivault_26
D:3:      layout_loops_ring, nicolae_overflow_hidden_temple

Skill      XL: |  1  2 |
---------------+-------+-----
Axes           | 2 |  2.3
Dodging        | 1 |  1.6
Fighting       | |  3.7
Armour         | |  3.8
Shields        | |  3.7

Action                     |  1- 3 |  4- 6 || total
---------------------------+-------+-------++-------
  Melee: War axe           |   148 |    46 ||   194
    Use: Scroll            |       |     3 ||     3
 Armour: Scale mail        |   102 |    26 ||   128
  Dodge: Dodged            |    82 |    26 ||   108
  Block: Buckler           |    24 |    11 ||    35

Table legend: (Time is in decaauts)
 A = Elapsed time spent in this place.
 B = Non-inter-level travel time spent in this place.
 C = Inter-level travel time spent in this place.
 D = Time resting spent in this place.
 E = Time spent auto-exploring this place.
 F = Levels seen in this place.
 G = Mean time per level.
                   A        B        C        D        E       F      G
               +--------+--------+--------+--------+--------+-----+--------+
         Total |   1509 |   1509 |      0 |      0 |    623 |   3 |  503.0 |
       Dungeon |   1509 |   1509 |      0 |      0 |    623 |   3 |  503.0 |
               +--------+--------+--------+--------+--------+-----+--------+

Top non-repeatable levels by time:
     D:1: 738 daAuts
     D:2: 494 daAuts
     D:3: 276 daAuts
